| TOP OF THE 1ST |
|
South Bend Cubs batting - Pitching for Binghamton Mets : RHP Todd Cox
|
|
Pitching: RHP Todd Cox
|
|
|
Batting: RHB Dan Orozco
|
0-0: Called Strike 0-1: Ball 1-1: Ball 2-1: Ball 3-1: Called Strike 3-2: Ground out 6-3 (Groundball, 6, EV 85.6 MPH)
|
|
Batting: RHB Adrian Cox
|
0-0: Called Strike 0-1: Ball 1-1: SINGLE (Groundball, 56D, EV 79.4 MPH) (infield hit)
|
|
Batting: RHB Erik Smith
|
0-0: Called Strike 0-1: Ball 1-1: Called Strike 1-2: Foul Ball, location: 2F 1-2: Strikes out swinging
|
|
Batting: RHB Mike Stein
|
0-0: Ball Adrian Cox steals 2nd base 1-0: Swinging Strike 1-1: Foul Ball, location: 2F 1-2: Strikes out swinging
|
| Top of the 1st over - 0 runs, 1 hit, 0 errors, 1 left on base; South Bend 0 - Binghamton 0 |
| BOTTOM OF THE 1ST |
|
Binghamton Mets batting - Pitching for South Bend Cubs : RHP Scott Hanson
|
|
Pitching: RHP Scott Hanson
|
|
|
Batting: RHB Michael Youngberry
|
0-0: Called Strike 0-1: Ball 1-1: SINGLE (Groundball, 34D, EV 108.8 MPH)
|
|
Batting: SHB Nick Daigle
|
0-0: Ball Michael Youngberry steals 2nd base (no throw) 1-0: Ball 2-0: Foul Ball, location: 2F 2-1: Ground out 5-3 (Groundball, 56S, EV 68.1 MPH) Michael Youngberry to third
|
|
Batting: SHB Tyler Maddux
|
0-0: Reached via error on a dropped throw from 1B, E1 (Groundball, 3D, EV 90.0 MPH) Michael Youngberry scores
|
|
Batting: RHB Oscar Bravo
|
0-0: Called Strike 0-1: Called Strike Tyler Maddux steals 2nd, throwing error, E2 Tyler Maddux to third 0-2: Ball 1-2: Fly out, F7 (Flyball, 7, EV 89.4 MPH) Runner from 3rd tags up, SCORES, no throw by LF
|
|
Batting: RHB Sam Callahan
|
0-0: Ball 1-0: Called Strike 1-1: Ground out 4-3 (Groundball, 4, EV 83.8 MPH)
|
| Bottom of the 1st over - 2 runs, 1 hit, 2 errors, 0 left on base; South Bend 0 - Binghamton 2 |
| TOP OF THE 2ND |
|
South Bend Cubs batting - Pitching for Binghamton Mets : RHP Todd Cox
|
|
Batting: RHB Mike Hill
|
0-0: Ball 1-0: Swinging Strike 1-1: SINGLE (Flyball, 78M, EV 90.0 MPH)
|
|
Batting: RHB David Bousfield
|
0-0: Hit by Pitch Mike Hill to second
|
|
Batting: RHB Josh Burns
|
0-0: Swinging Strike 0-1: Ball 1-1: Foul Ball, location: 2F 1-2: Strikes out swinging
|
|
Batting: RHB Ryan Bush
|
0-0: Swinging Strike 0-1: Foul Ball, location: 2F 0-2: Strikes out looking
|
|
Batting: RHB Victor Ramirez
|
0-0: Foul Ball, location: 2F 0-1: Called Strike 0-2: Ball 1-2: Ball 2-2: Ball 3-2: Foul Ball, location: 2F 3-2: Base on Balls Mike Hill to third David Bousfield to second
|
|
Batting: RHB Dan Orozco
|
0-0: Ball 1-0: Hit by Pitch Mike Hill scores David Bousfield to third Victor Ramirez to second
|
|
Batting: RHB Adrian Cox
|
0-0: Called Strike 0-1: Called Strike 0-2: Strikes out looking
|
| Top of the 2nd over - 1 run, 1 hit, 0 errors, 3 left on base; South Bend 1 - Binghamton 2 |
| BOTTOM OF THE 2ND |
|
Binghamton Mets batting - Pitching for South Bend Cubs : RHP Scott Hanson
|
|
Batting: RHB Jake Geib
|
0-0: Foul Ball, location: 2F 0-1: Ball 1-1: Ground out 6-3 (Groundball, 6, EV 81.2 MPH)
|
|
Pitching: RHP Angel Pesina
|
|
|
Batting: RHB Enrique Aguirre
|
0-0: Ball 1-0: Ball 2-0: Foul Ball, location: 2F 2-1: Swinging Strike 2-2: Ball 3-2: Fly out, F8 (Line Drive, 8RM, EV 100.0 MPH)
|
|
Batting: RHB Roberto Delgado
|
0-0: SINGLE (Groundball, 5S, EV 65.0 MPH) (infield hit)
|
|
Batting: RHB Mike Patterson
|
0-0: Ball 1-0: Ball 2-0: Called Strike 2-1: Foul Ball, location: 2F 2-2: Foul Ball, location: 2F 2-2: Fly out, F7 (Flyball, 7S, EV 93.1 MPH)
|
| Bottom of the 2nd over - 0 runs, 1 hit, 0 errors, 1 left on base; South Bend 1 - Binghamton 2 |
| TOP OF THE 3RD |
|
South Bend Cubs batting - Pitching for Binghamton Mets : RHP Todd Cox
|
|
Batting: RHB Erik Smith
|
0-0: Called Strike 0-1: Ball 1-1: Ball 2-1: SINGLE (Flyball, 8RS, EV 85.6 MPH)
|
|
Batting: RHB Mike Stein
|
0-0: Called Strike 0-1: Ball 1-1: Ball 2-1: Ball 3-1: Base on Balls Erik Smith to second
|
|
Batting: RHB Mike Hill
|
0-0: Ball 1-0: Reached on error, E6 (Groundball, 56, EV 85.6 MPH) Erik Smith to third Mike Stein to second
|
|
Batting: RHB David Bousfield
|
0-0: Foul Ball, location: 2F 0-1: Swinging Strike 0-2: Strikes out swinging
|
|
Batting: RHB Josh Burns
|
0-0: Ball 1-0: Called Strike 1-1: Ball 2-1: Grounds into double play, 6-4-3 (Groundball, 6, EV 81.2 MPH)
|
| Top of the 3rd over - 0 runs, 1 hit, 1 error, 2 left on base; South Bend 1 - Binghamton 2 |
| BOTTOM OF THE 3RD |
|
Binghamton Mets batting - Pitching for South Bend Cubs : RHP Angel Pesina
|
|
Batting: RHB Michael Youngberry
|
0-0: Ball 1-0: SINGLE (Groundball, 6MD, EV 109.4 MPH)
|
|
Batting: SHB Nick Daigle
|
0-0: Ball 1-0: Fly out, F9 (Flyball, 9S, EV 89.4 MPH)
|
|
Batting: SHB Tyler Maddux
|
0-0: Called Strike Michael Youngberry steals 2nd base 0-1: Fly out, F7 (Flyball, 78M, EV 95.0 MPH)
|
|
Pitching: LHP Dusty Blubaugh
|
|
|
Batting: RHB Oscar Bravo
|
0-0: Ball 1-0: Ground out 1-3 (Groundball, P, EV 72.5 MPH)
|
| Bottom of the 3rd over - 0 runs, 1 hit, 0 errors, 1 left on base; South Bend 1 - Binghamton 2 |
| TOP OF THE 4TH |
|
South Bend Cubs batting - Pitching for Binghamton Mets : RHP Todd Cox
|
|
Batting: RHB Ryan Bush
|
0-0: Ball 1-0: Ball 2-0: Foul Ball, location: 2F 2-1: Swinging Strike 2-2: Foul Ball, location: 2F 2-2: Strikes out swinging
|
|
Batting: RHB Victor Ramirez
|
0-0: Ball 1-0: Swinging Strike 1-1: Hit by Pitch
|
|
Batting: RHB Dan Orozco
|
0-0: Swinging Strike 0-1: Foul Ball, location: 2F 0-2: Fielders Choice at 2nd, 6-4 (Groundball, 6, EV 81.9 MPH)
|
|
Batting: RHB Adrian Cox
|
0-0: Fielders Choice at 2nd, 5-4 (Groundball, 5, EV 89.4 MPH)
|
| Top of the 4th over - 0 runs, 0 hits, 0 errors, 1 left on base; South Bend 1 - Binghamton 2 |
| BOTTOM OF THE 4TH |
|
Binghamton Mets batting - Pitching for South Bend Cubs : LHP Dusty Blubaugh
|
|
Batting: RHB Sam Callahan
|
0-0: Called Strike 0-1: Swinging Strike 0-2: Ball 1-2: Foul Ball, location: 2F 1-2: Fly out, F4 (Popup, 4, EV 66.2 MPH)
|
|
Batting: RHB Jake Geib
|
0-0: Swinging Strike 0-1: Ball 1-1: Ball 2-1: Swinging Strike 2-2: Foul Ball, location: 2F 2-2: Foul Ball, location: 2F 2-2: Ball 3-2: Strikes out looking
|
|
Batting: RHB Enrique Aguirre
|
0-0: Ball 1-0: Foul Ball, location: 2F 1-1: SINGLE (Line Drive, 34, EV 110.6 MPH)
|
|
Pitching: RHP Steve Vint
|
|
|
Batting: RHB Roberto Delgado
|
0-0: Foul Ball, location: 2F 0-1: Ball 1-1: Ball 2-1: Swinging Strike 2-2: Ball 3-2: Strikes out swinging
|
| Bottom of the 4th over - 0 runs, 1 hit, 0 errors, 1 left on base; South Bend 1 - Binghamton 2 |
| TOP OF THE 5TH |
|
South Bend Cubs batting - Pitching for Binghamton Mets : RHP Todd Cox
|
|
Batting: RHB Erik Smith
|
0-0: Ground out 3-1 (Groundball, 34S, EV 83.8 MPH)
|
|
Batting: RHB Mike Stein
|
0-0: Ball 1-0: Ball 2-0: Ball 3-0: Called Strike 3-1: Foul Ball, location: 2F 3-2: Foul Ball, location: 2F 3-2: Foul Ball, location: 2F 3-2: Base on Balls
|
|
Batting: RHB Mike Hill
|
0-0: Foul Ball, location: 2F 0-1: Called Strike 0-2: Foul Ball, location: 2F 0-2: Strikes out swinging
|
|
Batting: RHB David Bousfield
|
0-0: Ball 1-0: Called Strike 1-1: Ball 2-1: SINGLE (Groundball, 4MD, EV 104.4 MPH) Mike Stein to second
|
|
Pitching: RHP Eddie Carrasco
|
|
|
Batting: RHB Josh Burns
|
0-0: Fly out, F8 (Line Drive, 8LD, EV 95.0 MPH)
|
| Top of the 5th over - 0 runs, 1 hit, 0 errors, 2 left on base; South Bend 1 - Binghamton 2 |
| BOTTOM OF THE 5TH |
|
Binghamton Mets batting - Pitching for South Bend Cubs : RHP Steve Vint
|
|
Batting: RHB Mike Patterson
|
0-0: Ball 1-0: Foul Ball, location: 2F 1-1: Swinging Strike 1-2: Ball 2-2: Foul Ball, location: 2F 2-2: Foul Ball, location: 2F 2-2: Ball 3-2: Strikes out swinging
|
|
Batting: RHB Michael Youngberry
|
0-0: Ball 1-0: SINGLE (Line Drive, 7S, EV 103.1 MPH)
|
|
Batting: SHB Nick Daigle
|
0-0: Ball 1-0: Called Strike 1-1: Ball 2-1: Foul Ball, location: 2F 2-2: Ball 3-2: Base on Balls Michael Youngberry to second
|
|
Pitching: RHP Melvin Orengo
|
|
|
Batting: SHB Tyler Maddux
|
0-0: Called Strike 0-1: Ball 1-1: Ball 2-1: Ball 3-1: Fielders Choice at 2nd, 4-6 (Groundball, 4, EV 105.6 MPH) Michael Youngberry to third
|
|
Batting: RHB Oscar Bravo
|
0-0: Called Strike 0-1: Ball 1-1: Ball 2-1: Ball 3-1: Called Strike 3-2: Foul Ball, location: 2F 3-2: Base on Balls Tyler Maddux to second
|
|
Batting: RHB Sam Callahan
|
0-0: Ball 1-0: Ball 2-0: Ball 3-0: Base on Balls Michael Youngberry scores Tyler Maddux to third Oscar Bravo to second
|
|
Batting: RHB Jake Geib
|
0-0: Ball 1-0: Ball 2-0: Ball 3-0: Ground out 5-3 (Groundball, 56S, EV 85.6 MPH)
|
| Bottom of the 5th over - 1 run, 1 hit, 0 errors, 3 left on base; South Bend 1 - Binghamton 3 |
| TOP OF THE 6TH |
|
South Bend Cubs batting - Pitching for Binghamton Mets : RHP Eddie Carrasco
|
|
Batting: RHB Ryan Bush
|
0-0: Foul Ball, location: 2F 0-1: Ball 1-1: Foul Ball, location: 2F 1-2: Foul Ball, location: 2F 1-2: Strikes out swinging
|
|
Batting: RHB Victor Ramirez
|
0-0: Fly out, F3 (Popup, 3SF, EV 89.4 MPH)
|
|
Batting: RHB Dan Orozco
|
0-0: Swinging Strike 0-1: Swinging Strike 0-2: Strikes out swinging
|
| Top of the 6th over - 0 runs, 0 hits, 0 errors, 0 left on base; South Bend 1 - Binghamton 3 |
| BOTTOM OF THE 6TH |
|
Binghamton Mets batting - Pitching for South Bend Cubs : RHP Melvin Orengo
|
|
Pitching: LHP Mike Anderson
|
|
|
Batting: RHB Enrique Aguirre
|
0-0: Foul Ball, location: 2F 0-1: Swinging Strike 0-2: Ball 1-2: Ball 2-2: Fly out, F7 (Flyball, 7, EV 75.6 MPH)
|
|
Batting: RHB Roberto Delgado
|
0-0: Called Strike 0-1: Ball 1-1: Ball 2-1: Ball 3-1: Called Strike 3-2: SINGLE (Flyball, 8RS, EV 88.8 MPH)
|
|
Batting: RHB Mike Patterson
|
0-0: Ball 1-0: 2-RUN HOME RUN (Flyball, 7LD, EV 96.9 MPH), Distance : 357 ft
|
|
Batting: RHB Michael Youngberry
|
0-0: Ball 1-0: Called Strike 1-1: Ball 2-1: Ball 3-1: Base on Balls
|
|
Pitching: RHP Andrew Dopp
|
|
|
Batting: SHB Nick Daigle
|
0-0: Called Strike Michael Youngberry steals 2nd, throwing error, E2 Michael Youngberry to third 0-1: DOUBLE (Groundball, 3D, EV 100.6 MPH) Michael Youngberry scores
|
|
Batting: SHB Tyler Maddux
|
0-0: Ball 1-0: Called Strike 1-1: Foul Ball, location: 2F 1-2: Ground out 5-3 (Groundball, 56, EV 78.1 MPH)
|
|
Batting: RHB Oscar Bravo
|
0-0: DOUBLE (Groundball, 3L, EV 102.5 MPH) Nick Daigle scores
|
|
Batting: RHB Sam Callahan
|
0-0: Reached on error, E4 (Groundball, 4, EV 86.9 MPH) Oscar Bravo scores
|
|
Batting: RHB Jake Geib
|
0-0: Ball 1-0: Called Strike 1-1: Ball 2-1: Ball 3-1: Base on Balls
|
|
Batting: RHB Enrique Aguirre
|
0-0: Ball 1-0: Foul Ball, location: 2F 1-1: Ball 2-1: Fly out, F8 (Line Drive, 89M, EV 95.6 MPH)
|
| Bottom of the 6th over - 5 runs, 4 hits, 2 errors, 2 left on base; South Bend 1 - Binghamton 8 |
| TOP OF THE 7TH |
|
South Bend Cubs batting - Pitching for Binghamton Mets : RHP Eddie Carrasco
|
|
Batting: RHB Adrian Cox
|
0-0: Ball 1-0: Swinging Strike 1-1: Ball 2-1: Swinging Strike 2-2: Foul Ball, location: 2F 2-2: Strikes out swinging
|
|
Batting: RHB Erik Smith
|
0-0: Ball 1-0: Called Strike 1-1: Foul Ball, location: 2F 1-2: Ball 2-2: Foul Ball, location: 2F 2-2: Foul Ball, location: 2F 2-2: Strikes out swinging passed ball, reaches first!
|
|
Pitching: RHP Felipe Hinojosa
|
|
|
Batting: RHB Mike Stein
|
0-0: Called Strike 0-1: Swinging Strike 0-2: Strikes out swinging
|
|
Batting: RHB Mike Hill
|
0-0: Called Strike 0-1: Ball 1-1: Foul Ball, location: 2F 1-2: Strikes out swinging
|
| Top of the 7th over - 0 runs, 0 hits, 0 errors, 1 left on base; South Bend 1 - Binghamton 8 |
| BOTTOM OF THE 7TH |
|
Binghamton Mets batting - Pitching for South Bend Cubs : RHP Andrew Dopp
|
|
Batting: RHB Roberto Delgado
|
0-0: Called Strike 0-1: Called Strike 0-2: Ball 1-2: DOUBLE (Line Drive, 89D, EV 108.8 MPH)
|
|
Batting: RHB Mike Patterson
|
0-0: Ball 1-0: SINGLE (Groundball, 56D, EV 96.9 MPH) Roberto Delgado to third
|
|
Batting: RHB Michael Youngberry
|
0-0: Swinging Strike 0-1: Ball 1-1: Called Strike 1-2: Strikes out swinging
|
|
Batting: SHB Nick Daigle
|
0-0: Ball 1-0: Foul Ball, location: 2F 1-1: Ball 2-1: SINGLE (Groundball, 34D, EV 95.0 MPH) Roberto Delgado scores Mike Patterson to second Runner from 2nd tries for 3rd, SAFE, throw by RF made to third
|
|
Batting: SHB Tyler Maddux
|
0-0: Ball 1-0: Called Strike 1-1: Ground out 5-3 (Groundball, 56S, EV 61.2 MPH) Mike Patterson scores Nick Daigle to second
|
|
Batting: RHB Oscar Bravo
|
0-0: Called Strike 0-1: Foul Ball, location: 2F 0-2: Fly out, F7 (Flyball, 7S, EV 84.4 MPH)
|
| Bottom of the 7th over - 2 runs, 3 hits, 0 errors, 1 left on base; South Bend 1 - Binghamton 10 |
| TOP OF THE 8TH |
|
South Bend Cubs batting - Pitching for Binghamton Mets : RHP Felipe Hinojosa
|
|
Batting: RHB David Bousfield
|
0-0: Swinging Strike 0-1: Ball 1-1: Foul Ball, location: 2F 1-2: Strikes out swinging
|
|
Batting: RHB Josh Burns
|
0-0: Called Strike 0-1: Ball 1-1: Ball 2-1: Foul Ball, location: 2F 2-2: Ball 3-2: Foul Ball, location: 2F 3-2: Strikes out looking
|
|
Batting: RHB Ryan Bush
|
0-0: Foul Ball, location: 2F 0-1: Ball 1-1: Ball 2-1: Fly out, F9 (Flyball, 89M, EV 86.2 MPH)
|
| Top of the 8th over - 0 runs, 0 hits, 0 errors, 0 left on base; South Bend 1 - Binghamton 10 |
| BOTTOM OF THE 8TH |
|
Binghamton Mets batting - Pitching for South Bend Cubs : RHP Andrew Dopp
|
|
Batting: RHB Sam Callahan
|
0-0: Swinging Strike 0-1: Foul Ball, location: 2F 0-2: TRIPLE (Flyball, 78XD, EV 91.2 MPH)
|
|
Batting: RHB Jake Geib
|
0-0: SINGLE (Groundball, 6MS, EV 68.1 MPH) (infield hit) Sam Callahan scores
|
|
Pitching: LHP Dave de Wolff
|
|
|
Batting: RHB Enrique Aguirre
|
0-0: Fly out, F8 (Flyball, 89M, EV 85.0 MPH)
|
|
Batting: RHB Roberto Delgado
|
0-0: Called Strike 0-1: Fielders Choice at 2nd, 5-4 (Groundball, 56, EV 90.6 MPH)
|
|
Batting: RHB Mike Patterson
|
0-0: DOUBLE (Line Drive, 3D, EV 107.5 MPH) Roberto Delgado to third Runner from 3rd tries for Home, SAFE, no throw by RF
|
|
Batting: RHB Michael Youngberry
|
Balk! Mike Patterson to third 0-0: Foul Ball, location: 2F 0-1: Ball 1-1: Ground out U3 (Groundball, 3S, EV 92.5 MPH)
|
| Bottom of the 8th over - 2 runs, 3 hits, 0 errors, 1 left on base; South Bend 1 - Binghamton 12 |
| TOP OF THE 9TH |
|
South Bend Cubs batting - Pitching for Binghamton Mets : RHP Felipe Hinojosa
|
|
Batting: RHB Victor Ramirez
|
0-0: Ball 1-0: Ball 2-0: Called Strike 2-1: Foul Ball, location: 2F 2-2: Strikes out swinging
|
|
Batting: RHB Dan Orozco
|
0-0: Swinging Strike 0-1: Ball 1-1: Foul Ball, location: 2F 1-2: Ball 2-2: Strikes out looking
|
|
Batting: RHB Adrian Cox
|
0-0: Ball 1-0: Called Strike 1-1: Swinging Strike 1-2: Strikes out swinging
|
| Top of the 9th over - 0 runs, 0 hits, 0 errors, 0 left on base; South Bend 1 - Binghamton 12 |
|